 Dungeon Crawl Stone Soup version 0.28.0-53-g5a82cb258f (webtiles) character file.

Game seed: 2222191853478032908

743 clackabat the Basher (level 7, -1/41 HPs)
             Began as a Gargoyle Fighter on July 14, 2022.
             Slain by an orc priest
             ... wielding a +0 hand axe
              (4 damage)
             ... on level 5 of the Dungeon.
             The game lasted 00:06:00 (3544 turns).

clackabat the Basher (Gargoyle Fighter)             Turns: 3544, Time: 00:06:00

Health: -1/41      AC: 20    Str: 20    XL:     7   Next: 76%
Magic:  7/7        EV:  9    Int: 10    God:
Gold:   167        SH:  4    Dex:  9    Spells: 6/6 levels left

rFire   . . .      SeeInvis .   o - +1 morningstar (protect)
rCold   . . .      Faith    .   c - +0 buckler
rNeg    + . .      Spirit   .   b - +0 scale mail
rPois   ∞          Reflect  .   f - +2 hat
rElec   +          Harm     .   (no cloak)
rCorr   .          Rampage  .   (no gloves)
Will    .....                   (no boots)
Stlth   ..........              (no amulet)
HPRegen 0.13/turn               (no ring)
MPRegen 0.10/turn               (no ring)

@: mighty, under a protective aura
A: sickness immunity, AC +4, negative energy resistance 1, electricity
resistance, torment resistance 1, petrification resistance
a: no special abilities


You were on level 5 of the Dungeon.
You visited 1 branch of the dungeon, and saw 5 of its levels.

You collected 167 gold pieces.

Inventory:

Hand Weapons
 a - a +0 flail
 o - a +1 morningstar of protection (weapon)
Missiles
 h - 5 poisoned darts (quivered)
Armour
 b - a +0 scale mail (worn)
 c - a +0 buckler (worn)
 f - a +2 hat (worn)
 i - a +0 helmet
Wands
 m - a wand of charming (4)
Scrolls
 p - 2 scrolls of enchant weapon
Potions
 d - 2 potions of might
 e - a potion of attraction
 g - 2 potions of lignification
 j - a potion of ambrosia
 k - a potion of haste {unknown}
 l - 2 potions of flight
 n - a potion of brilliance


   Skills:
 - Level 3.2 Fighting
 + Level 8.6 Maces & Flails
 - Level 3.2 Armour
 - Level 3.2 Shields


You had 6 spell levels left.
You didn't know any spells.
Your spell library contained the following spells:

 Spells                   Type           Power      Damage    Failure   Level
 Ozocubu's Armour         Ice            0%         N/A       99%         3
 Metabolic Englaciation   Hex/Ice        0%         N/A       100%        5
 Simulacrum               Ice/Necr       0%         N/A       100%        6


Dungeon Overview and Level Annotations

Branches:
Dungeon (5/15)
 Temple: D:4-7

Altars:


Innate Abilities, Weirdness & Mutations

You are immune to sickness and miasma.
Your stone body is resilient. (AC +4)
You are immune to poison.
You resist negative energy. (rN+)
You are resistant to electric shocks. (rElec)
You are resistant to unholy torment.
You are immune to petrification.


Message History

The ogre shouts!
The orc wizard shouts!
The orc shouts!
An adder comes into view.
The orc moves out of view.
An ogre comes into view. It is wielding a +0 giant club.
The ogre shouts!
You feel very mighty all of a sudden. The orc priest closely misses you.
You hit the ogre.
Your weapon exudes an aura of protection.
The ogre is lightly wounded.
The ogre barely misses you. The orc priest barely misses you.
You impale the ogre!!
The ogre is almost dead.
The adder completely misses you.
The orc priest mumbles some strange prayers to Beogh against you.
Beogh smites you! You block the ogre's attack.
You thump the ogre!
You kill the ogre!
The adder completely misses you.
The orc priest casts a cantrip, but nothing happens.
The adder bites you but does no damage.
Things that are here:
a +0 giant club; an ogre corpse You bludgeon the adder!!
You kill the adder!
The orc priest mumbles some strange prayers to Beogh against you.
You struggle to resist.
The orc priest looks braver for a moment.
The ogre hits you with a +0 giant spiked club.
Things that are here:
a +0 giant club; an adder corpse; an ogre corpse You sock the ogre!
The ogre is moderately wounded.
The ogre hits you with a +0 giant spiked club!!
Ouch! That really hurt!
* * * LOW HITPOINT WARNING * * *
You sock the ogre!
The ogre is almost dead.
The orc priest hits you with a +0 hand axe.
You die...

P≈≈≈≈≈≈≈ ♣♣≈≈
≈≈≈≈≈≈≈≈≈≈≈≈♣♣#
≈≈≈≈≈≈♣≈≈♣≈≈♣≈####
≈≈≈≈≈≈≈≈♣≈≈P≈≈♣..
≈≈≈≈≈≈≈≈≈≈P♣P≈≈♣
≈≈≈≈≈≈≈≈≈≈P≈≈≈P♣# .
≈≈≈≈≈≈≈≈P♣≈≈P≈♣o#####....
≈≈≈≈≈≈≈≈≈≈≈≈♣≈oO@........
≈≈≈≈≈≈≈≈♣≈≈≈≈≈o####......
≈≈≈≈P≈≈≈PPP≈≈..# .....
≈≈≈≈≈≈≈P♣♣P♣≈.o# .###
♣≈≈≈P♣≈≈♣≈#....# #
≈≈♣♣≈♣..###....#
######### ####.# #.. ##..


You could see an ogre, an orc priest, an orc wizard and an orc.

Vanquished Creatures
  2 ogres
  A necrophage (D:5)
  Blork the orc (D:5)
  A scorpion (D:5)
  A bullfrog zombie (D:3)
  A bullfrog skeleton (D:4)
  A hound (D:4)
  Jessica (D:2)
  3 iguanas (D:4)
  2 hound skeletons (D:4)
  5 gnolls
  3 adders
  3 dart slugs (D:1)
  4 orcs
  2 bats (D:1)
  5 endoplasms
  5 giant cockroaches
  8 goblins
  2 hobgoblins (D:1)
  3 jackals (D:1)
  3 quokkas
  5 ball pythons
  6 kobolds
  6 rats
74 creatures vanquished.

Vanquished Creatures (others)
  6 plants (D:5)
6 creatures vanquished.

Grand Total: 80 creatures vanquished

Notes
Turn   | Place    | Note
-------+----------+-------------------------------------------
     0 | D:1      | clackabat the Gargoyle Fighter began the quest for the Orb.
     0 | D:1      | Reached XP level 1. HP: 14/14 MP: 1/1
   255 | D:1      | Reached XP level 2. HP: 14/19 MP: 2/2
   365 | D:1      | Reached skill level 3 in Maces & Flails
   380 | D:1      | Reached XP level 3. HP: 3/23 MP: 3/3
   712 | D:1      | Found a faded altar of an unknown god.
   828 | D:1      | Reached skill level 4 in Maces & Flails
   928 | D:2      | Reached XP level 4. HP: 28/28 MP: 4/4
  1209 | D:2      | Noticed Jessica
  1217 | D:2      | Killed Jessica
  2237 | D:3      | Reached skill level 5 in Maces & Flails
  2237 | D:3      | Reached XP level 5. HP: 27/32 MP: 5/5
  2435 | D:4      | Noticed an ogre
  2440 | D:4      | Killed an ogre
  2441 | D:4      | Reached skill level 6 in Maces & Flails
  2441 | D:4      | Reached XP level 6. HP: 32/37 MP: 6/6
  2717 | D:4      | Reached skill level 7 in Maces & Flails
  2724 | D:5      | Entered Level 5 of the Dungeon
  3136 | D:4      | Reached XP level 7. HP: 40/41 MP: 7/7
  3246 | D:4      | Identified the +1 rapier of the Key {distort, Int+4}
  3370 | D:5      | Noticed Blork the orc
  3381 | D:5      | Killed Blork the orc
  3492 | D:5      | Reached skill level 8 in Maces & Flails
  3543 | D:5      | HP: 2/41 [ogre/+0 giant spiked club (24)]
  3544 | D:5      | Slain by an orc priest

Illustrated notes

Levels and vault maps discovered:
D:1:      erik_arrival_blinker_ship, layout_rooms,
          shapermc_ecumenical_altar_notcrosses, minmay_tall_x
D:2:      layout_basic, hangedman_glass_teeth, uniq_jessica
D:3:      layout_loops_corners
D:4:      layout_gridville
D:5:      layout_rooms, marbit_many_paths, serial_bayou, serial_bayou_lake_a,
          serial_bayou_pond_e, serial_bayou_lagoon_a, serial_bayou_pond_d,
          kb_lookout_dungeons_type, minmay_pentangle, uniq_blork_the_orc,
          uniq_prince_ribbit1

Skill      XL: |  1  2  3  4  5  6  7 |
---------------+----------------------+-----
Maces & Flails | 3 4 5 6 7 8 |  8.6
Fighting       | |  3.2
Armour         | |  3.2
Shields        | |  3.2

Action                   |  1- 3 |  4- 6 |  7- 9 || total
-------------------------+-------+-------+-------++-------
Melee: Flail             |    90 |    61 |       ||   151
       Morningstar       |       |    65 |    31 ||    96
  Use: Scroll            |       |     6 |     2 ||     8
       Potion            |       |     1 |     1 ||     2
Armor: Scale mail        |    39 |    61 |    11 ||   111
Dodge: Dodged            |    44 |    73 |    19 ||   136
Block: Buckler           |    14 |    31 |     6 ||    51
